AoeStats
← zack

Arena

505233428Analyzed
4v4 RM · 2mo ago on Sep 8, 2026· 41m 55s· 8 players
Game mode
Random Map
Map size
Large (8 player)
Population
200
Speed
Normal
Resources
Standard
Victory
Conquest
Starting age
Dark Age
Ending age
Imperial Age
RankedLock teamsTeams togetherTeam positionsShared explorationLock speedFull tech treeHidden civsTurbo modeCheats
Victory
Defeat
🇵🇹 Burmese · Portugal
1189
+23
🇮🇳 Franks · India
1170
+16
🇨🇳 Persians · China
1153
+17
🇨🇳 Gurjaras · China
1142
+17
vs
🇺🇸 Britons · United States
1214
-18
🇳🇱 Gurjaras · Netherlands
1199
-18
🇨🇳 Wei · China
1147
-15
1113
-14
zack
10:59 Feudal Age
11:53 Double-Bit Axe
15:31 Castle Age
14:06 Horse Collar
17:05 Bow Saw
16:58 Heavy Plow
19:23 Gold Mining
27:22 Imperial Age
26:22 Wheelbarrow
25:33 Town Watch
25:33 Loom
25:44 Stone Mining
26:16 Scale Barding Armor
26:35 Bloodlines
27:20 Forging
28:56 Crop Rotation
29:39 Gold Shaft Mining
29:40 Stone Shaft Mining
30:50 Chain Barding Armor
31:25 Conscription
31:39 Elite Shrivamsha Rider
32:22 Husbandry
33:08 Iron Casting
34:04 Heavy Camel Rider
36:27 Plate Barding Armor
38:00 Frontier Guards
RiGhT
10:05 Feudal Age
14:06 Castle Age
12:54 Double-Bit Axe
21:08 Town Watch
22:28 Loom
23:51 Fletching
27:25 Guard Tower
28:33 Gold Mining
30:06 Ballistics
30:02 Masonry
31:47 Wheelbarrow
33:51 Imperial Age
32:12 Husbandry
33:05 Hand Cart
33:31 Gold Shaft Mining
32:47 Stone Mining
33:21 Scale Barding Armor
33:37 Scale Mail Armor
33:48 Forging
33:42 Bodkin Arrow
34:21 Fortified Wall
35:40 Chemistry
35:05 Conscription
34:13 Pikeman
35:03 Squires
36:22 Chain Mail Armor
35:42 Halberdier
36:59 Bow Saw
37:15 Chivalry
37:39 #83
38:43 Iron Casting
39:14 Architecture
39:50 Plate Mail Armor
39:26 Arson
39:52 Elite Throwing Axeman
41:34 Hoardings
43:21 Blast Furnace
Longlonglong
11:56 Feudal Age
15:54 Castle Age
13:55 Horse Collar
14:03 Double-Bit Axe
24:42 Stone Mining
26:02 Scale Barding Armor
26:07 Forging
26:21 Gold Mining
26:47 Bow Saw
31:01 Imperial Age
28:38 Heavy Plow
29:20 Wheelbarrow
29:23 Iron Casting
30:13 Gold Shaft Mining
30:40 Hand Cart
31:17 Chain Barding Armor
32:41 Stone Shaft Mining
33:02 Conscription
35:09 Plate Barding Armor
35:04 Elite War Elephant
39:52 Blast Furnace
冰人
11:56 Feudal Age
15:42 Castle Age
13:47 Stone Mining
15:08 Loom
16:12 Horse Collar
21:12 Heavy Plow
22:17 Fletching
26:03 Husbandry
26:13 Bloodlines
27:05 Bodkin Arrow
29:02 Ballistics
29:15 Town Watch
30:05 Wheelbarrow
30:02 Town Patrol
30:49 Gold Mining
32:40 Gold Shaft Mining
35:53 Imperial Age
34:33 Hand Cart
37:38 Chemistry
37:01 Conscription
36:32 Elite Arambai
38:08 Parthian Tactics
42:12 Padded Archer Armor
Nanmu
10:03 Loom
12:46 Feudal Age
13:11 Double-Bit Axe
19:30 Castle Age
25:29 Light Cavalry
Steppo
8:59 Loom
11:17 Feudal Age
17:11 Castle Age
16:04 Double-Bit Axe
16:02 Horse Collar
16:19 Gold Mining
17:41 Pikeman
18:03 Crossbowman
19:56 Fletching
25:14 Bow Saw
25:22 Heavy Plow
27:17 Town Watch
28:08 Wheelbarrow
27:42 Squires
28:47 Bodkin Arrow
29:03 Forging
28:56 Padded Archer Armor
28:57 Scale Mail Armor
29:12 Stone Mining
33:16 Ballistics
35:05 Gold Shaft Mining
40:01 Imperial Age
37:51 Hand Cart
38:22 Masonry
38:23 Fortified Wall
39:02 Iron Casting
39:44 Chain Mail Armor
39:45 Leather Archer Armor
GeKKeGerdaa
10:20 Feudal Age
13:23 Double-Bit Axe
16:08 Castle Age
14:25 Horse Collar
16:26 Wheelbarrow
21:09 Hand Cart
22:48 Bow Saw
24:17 Loom
24:19 Town Watch
25:39 Heavy Plow
27:31 Gold Mining
30:43 Imperial Age
28:59 Scale Barding Armor
29:04 Forging
29:31 Husbandry
29:42 Bloodlines
30:02 Chain Barding Armor
31:52 Iron Casting
31:09 Heavy Camel Rider
33:07 Plate Barding Armor
34:17 Gold Shaft Mining
33:33 Stone Mining
34:28 Frontier Guards
34:30 Conscription
34:34 Frontier Guards
别开枪自己人
9:37 Loom
11:23 Feudal Age
16:18 Castle Age
14:15 Double-Bit Axe
14:26 Horse Collar
19:15 Wheelbarrow
18:36 Stone Mining
23:03 Town Watch
25:43 Hand Cart
29:57 Imperial Age
27:24 Gold Mining
28:01 Padded Archer Armor
27:52 Fletching
28:23 Elite Skirmisher
29:24 Leather Archer Armor
29:36 Town Patrol
29:50 Thumb Ring
30:41 Squires
30:58 Bow Saw
31:21 Scale Mail Armor
31:20 Bodkin Arrow
32:33 Conscription
31:39 Pikeman
33:06 Chain Mail Armor
32:52 Bracer
32:39 Elite Ghulam
35:02 Chemistry
34:42 Forging
36:41 Iron Casting
38:31 Ring Archer Armor
Connection lost

Rejoining the realm…

Still unreachable

The connection could not be restored.

Session expired

The server has moved on; the page needs a fresh start.